 Dungeon Crawl Stone Soup version 0.25-a0-443-gece2dee8bd (webtiles) character file.

Game seed: 14919282783276757058, levelgen mode: deterministic

243142 Nattfarinn the Convoker (level 19, -19/154 HPs)
             Began as a Barachi Summoner on Jan 30, 2020.
             Was the Champion of Cheibriados.
             Killed from afar by Jory (56 damage)
             ... with a crystal spear
             ... on level 3 of the Vaults.
             The game lasted 04:02:32 (48971 turns).

Nattfarinn the Convoker (Barachi Summoner)         Turns: 48971, Time: 04:02:33

Health: -19/154    AC: 30    Str: 27    XL:     19   Next: 41%
Magic:  27/34      EV: 21    Int: 50    God:    Cheibriados [******]
Gold:   1135       SH: 18    Dex: 36    Spells: 6/41 levels left

rFire    + . .     SeeInvis .   b - +9 war axe of Xom's Castigation {drain, *Rage +Rage rN+}
rCold    + . .     Gourm    .   E - +2 buckler of Too Many Cooks {MR+ Dex+4 Slay+3}
rNeg     + . .     Faith    .   f - +7 chain mail {rPois}
rPois    +         Spirit   .   (no helmet)
rElec    .         Reflect  +   J - +2 cloak
rCorr    .         Harm     .   W - +2 pair of gloves {Dex+3}
MR       +....     Rnd*Rage +   r - +2 pair of boots of the Alphagorgon {MR- Str+4 Int+6}
Stlth    ..........             T - brooch of Shielding {Reflect SH+8}
HPRegen  0.35/turn              l - ring of Kuidos {rF+ Str-3 Int+6}
MPRegen  0.24/turn              i - ring of Urojey {Wiz rC+ Dex+2}

@: berserk cooldown, mesmerised, slowed, very slow
A: +LOS, swims, slowness 1, strong legs 2
}: 2/15 runes: barnacled, gossamer
a: Hop, Bend Time, Temporal Distortion, Slouch, Step From Time, Renounce
Religion, Evoke Berserk Rage


You were on level 3 of the Vaults.
You worshipped Cheibriados.
Cheibriados was exalted by your worship.
You were not hungry.

You visited 7 branches of the dungeon, and saw 35 of its levels.
You also visited: Gauntlet and Volcano.

You collected 4041 gold pieces.
You spent 2906 gold pieces at shops.

Inventory:

Hand Weapons
 b - the +9 war axe of Xom's Castigation (weapon) {drain, *Rage +Rage rN+}
   (You found it on level 1 of the Spider Nest)

   A truly terrible weapon, it drains the life of those it strikes.
   It protects you from negative energy.
   It lets you go berserk.
   It may make you go berserk in combat.
Armour
 f - a +7 chain mail of poison resistance (worn)
 r - the +2 pair of boots of the Alphagorgon (worn) {MR- Str+4 Int+6}
   (You found it in a Gauntlet)

   It affects your strength (+4).
   It affects your intelligence (+6).
   It affects your resistance to hostile enchantments.
   If you remove this armour, your AC will fall 3 points (30 -> 27)
 E - the +2 buckler of Too Many Cooks (worn) {MR+ Dex+4 Slay+3}
   (You acquired it on level 14 of the Dungeon)

   It affects your dexterity (+4).
   It affects your accuracy and damage with ranged weapons and melee attacks
   (+3).
   It affects your resistance to hostile enchantments.
   If you remove this armour, your AC will rise 0 points (30 -> 30)
 J - a +2 cloak (worn)
 V - the +6 chain mail of the Accordion {*Corrode rElec Dex+5}
   (You found it on level 6 of the Lair of Beasts)

   It affects your dexterity (+5).
   It insulates you from electricity.
   It may corrode you when you take damage.
   If you switch to wearing this armour, your AC will fall 1 point (30 -> 29)
 W - a +2 pair of gloves of dexterity (worn)
Magical Staves
 a - an uncursed staff of energy
Jewellery
 i - the ring of Urojey (right hand) {Wiz rC+ Dex+2}
   (You took it off a deep elf death mage on level 1 of the Vaults)

   [ring of wizardry]

   It improves your spell success rate.
   It affects your dexterity (+2).
   It protects you from cold.
 l - the ring of Kuidos (left hand) {rF+ Str-3 Int+6}
   (You took it off an orc on level 14 of the Dungeon)

   [ring of protection from fire]

   It affects your strength (-3).
   It affects your intelligence (+6).
   It protects you from fire.
 T - the brooch of Shielding (around neck) {Reflect SH+8}
   (You found it on level 6 of the Lair of Beasts)

   [amulet of reflection]

   It shields you and reflects attacks.
   It affects your SH (+8).
Wands
 k - a wand of paralysis (34)
 z - a wand of flame (48)
 A - a wand of scattershot (8)
 B - a wand of digging (19)
 G - a wand of iceblast (43)
 K - a wand of enslavement (10)
 L - a wand of polymorph (21)
 O - a wand of clouds (5)
 Z - a wand of disintegration (41)
Scrolls
 d - 4 scrolls of fog
 h - 10 scrolls of identify
 m - 17 scrolls of teleportation
 p - 11 scrolls of fear
 q - 5 scrolls of magic mapping
 v - 6 scrolls of amnesia
 w - 4 scrolls of immolation
 x - 18 scrolls of remove curse
 y - 10 scrolls of blinking
 F - 7 scrolls of vulnerability
 I - 3 scrolls of summoning
 N - 3 scrolls of enchant weapon
 P - a scroll of torment
 R - a scroll of holy word
 S - 3 scrolls of brand weapon
 X - a scroll of silence
Potions
 e - 3 potions of lignification
 g - 3 potions of cancellation
 j - 2 potions of invisibility
 n - 5 potions of agility
 o - 9 potions of brilliance
 s - 8 potions of heal wounds
 t - 6 potions of ambrosia
 u - 2 potions of might
 C - 14 potions of curing
 H - 7 potions of mutation
 M - 8 potions of flight
 Y - 4 potions of resistance
Miscellaneous
 U - 3 phantom mirrors
Comestibles
 c - 56 rations
 D - 7 chunks of flesh


   Skills:
 * Level 14.8 Fighting
 - Level 14.0 Armour
 - Level 11.0 Dodging
 - Level 1.7 Stealth
 - Level 4.2 Shields
 + Level 11.8 Spellcasting
 - Level 11.7 Conjurations
 + Level 19.0 Summonings
 - Level 14.3 Translocations
 - Level 10.0 Invocations


You had 6 spell levels left.
You knew the following spells:

 Your Spells              Type           Power        Failure   Level  Hunger
a - Spellforged Servitor  Conj/Summ      ########..   1%          7    ###....
b - Orb of Destruction    Conj           #######...   8%          7    ###....
c - Call Canine Familiar  Summ           ########     0%          3    None
d - Summon Lightning Spi  Summ/Air       #######.     1%          4    None
f - Monstrous Menagerie   Summ           ########..   1%          7    ###....
g - Malign Gateway        Summ/Tloc      ########..   1%          7    ###....

Your spell library contained the following spells:

 Spells                   Type           Power        Failure   Level  Hunger
 Magic Dart               Conj           ####         0%          1    None
 Summon Small Mammal      Summ           ####         0%          1    None
 Call Imp                 Summ           ########     0%          2    None
 Beastly Appendage        Tmut           ####..       1%          1    None
 Corona                   Hex            ####...      1%          1    None
 Freeze                   Ice            ####         1%          1    None
 Corpse Rot               Necr/Air       N/A          1%          2    None
 Ensorcelled Hibernation  Hex/Ice        ####..       1%          2    None
 Passwall                 Tmut/Erth      ####....     1%          2    None
 Searing Ray              Conj           ######       1%          2    None
 Slow                     Hex            ####....     1%          2    None
 Song of Slaying          Chrm           ####....     1%          2    None
 Sticks to Snakes         Tmut           ####....     1%          2    None
 Sublimation of Blood     Necr           ####......   1%          2    None
 Swiftness                Chrm/Air       ####....     1%          2    None
 Dazzling Flash           Conj/Hex       ######       1%          3    None
 Portal Projectile        Hex/Tloc       ######       1%          3    None
 Summon Guardian Golem    Hex/Summ       #######.     1%          3    None
 Fulminant Prism          Conj/Hex       ######....   1%          4    None
 Iskenderun's Mystic Bla  Conj/Tloc      ########     1%          4    None
 Passage of Golubria      Tloc           N/A          1%          4    None
 Summon Ice Beast         Ice/Summ       #######.     1%          4    None
 Iskenderun's Battlesphe  Conj/Chrm      ######..     2%          5    None
 Confusing Touch          Hex            ####....     3%          3    None
 Inner Flame              Hex/Fire       ####....     3%          3    None
 Ozocubu's Armour         Chrm/Ice       ####....     3%          3    None
 Spider Form              Tmut/Pois      ####......   3%          3    None
 Tukima's Dance           Hex            ####....     3%          3    None
 Bolt of Magma            Conj/Fire/Erth ######....   6%          5    None
 Cause Fear               Hex            ####......   12%         4    None
 Dispel Undead            Necr           ####....     12%         4    None
 Ice Form                 Ice/Tmut       ####....     12%         4    None
 Leda's Liquefaction      Hex/Erth       ####......   12%         4    None
 Iron Shot                Conj/Erth      ######....   16%         6    None
 Agony                    Necr           ####....     30%         5    None
 Blade Hands              Tmut           ####......   30%         5    None
 Excruciating Wounds      Chrm/Necr      ####......   30%         5    None
 Lee's Rapid Deconstruct  Erth           ####......   30%         5    None
 Metabolic Englaciation   Hex/Ice        ####......   30%         5    None
 Freezing Cloud           Conj/Ice/Air   ######....   32%         6    None
 Darkness                 Hex            ####......   83%         6    None
 Invisibility             Hex            ####....     83%         6    None
 Ozocubu's Refrigeration  Ice            ####......   83%         6    None
 Simulacrum               Ice/Necr       ####......   83%         6    None
 Summon Greater Demon     Summ           ########..   1%          7    ###....
 Summon Horrible Things   Summ           ########..   3%          8    #####..
 Chain Lightning          Conj/Air       ######....   99%         8    #####..
 Lehudib's Crystal Spear  Conj/Erth      ######....   99%         8    #####..
 Fire Storm               Conj/Fire      ######....   100%        9    ######.
 Glaciate                 Conj/Ice       ######....   100%        9    ######.


Dungeon Overview and Level Annotations

Branches:
Dungeon (15/15)            Temple (1/1) D:5            Lair (6/6) D:9
 Shoals (4/4) Lair:4       Spider (4/4) Lair:4        Slime (0/5) Lair:5
    Orc (2/2) D:11            Elf (0/3) Orc:2        Vaults (3/5) D:14
  Crypt (0/3) Vaults:2     Depths (0/5) D:15        Volcano (visited)
Gauntlet (visited)

Altars:
Ashenzari
Cheibriados
Elyvilon
Kikubaaqudgha
Makhleb
Okawaru
Qazlal
Ru
Sif Muna
Trog
Uskayaw
Vehumet
Yredelemnul
Beogh
Jiyva

Shops:
D:10 %   Orc:2 !!!?   Shoals:3 :   Vaults:1 *

Portals:
Hell: Lair:6

Annotations:
Lair:5 1 runed translucent door
Vaults:3 Jory


Innate Abilities, Weirdness & Mutations

You can be seen from farther away. (+LOS)
You can swim through water.
You cover ground slowly.
You can hop long distances.


Message History

The ogre mage hits you but does no damage.
Jory casts a spell.
Jory attempts to bespell you!
You are mesmerised by Jory!
You can move again.
Unknown command.
Unknown command.
Unknown command.
Unknown command.
Unknown command.
Casting: Malign Gateway (safe; 1% risk of failure)
Confirm with . or Enter, or press ? or * to list all spells.
The dungeon shakes, a horrible noise fills the air, and a portal to some otherworldly place is opened!
You block the harpy's attack. x2
The ogre mage gestures at you while chanting.
The bolt of lightning hits you!!!
* * * LOW HITPOINT WARNING * * *
Jory gestures at you while chanting. The crystal spear hits you!!!
You die...

############# #..#
#...#...#...# #..#
#....#...#...#...# #..#
#....#...##'##...# #..#
#....# #...÷.#### #..#
#....# #...).#..# #..#
#....# +.O.∩§'..# #..#
#....# #..†H§#..# #..#
#....####..)@.#### #..#
#....#...##)##...# #..#
#....'...#V. #..}# #..#
#....#...#.. #...# #..#
#....####### ##### #..#
#....# #..# #....# #..#
####....###############..#
...............).).).(...(#


You could see Jory, an ogre mage and a harpy.

Vanquished Creatures
  Asterion (Spider:1)
  Frances (D:14)
  A deep elf sorcerer (Vaults:1)
  5 ghost moths
  4 vault wardens
  4 emperor scorpions (Spider:4)
  An ironheart preserver (Vaults:3)
  2 stone giants
  A very ugly thing (Vaults:2)
  A deep elf annihilator (Vaults:1)
  2 deep elf demonologists
  An ettin (Vaults:2)
  A merfolk impaler (Shoals:4)
  A deep elf death mage (Vaults:1)
  Josephine (D:10)
  A great orb of eyes (Vaults:2)
  2 yaktaur captains
  Harold (D:7)
  4 vault guards
  An alligator snapping turtle (Shoals:4)
  A queen ant (Gauntlet)
  2 centaur warriors
  A merfolk avatar (Shoals:4)
  10 two-headed ogres
  A death knight (Vaults:1)
  A satyr (Shoals:1)
  3 ogre magi
  A deep elf knight (Vaults:2)
  2 thrashing horrors (Gauntlet)
  2 sea snakes
  3 skeletal warriors (D:15)
  A deep elf archer (Vaults:3)
  7 ironbrand convokers
  10 harpies
  A phantasmal warrior (Vaults:2)
  An orc knight (Vaults:3)
  A wolf spider zombie (D:15)
  A deep elf mage (Vaults:3)
  A faun (Shoals:1)
  2 ugly things
  8 cyclopes
  A necromancer (Vaults:1)
  17 wolf spiders
  4 manticores
  A centaur zombie (D:14)
  A black mamba (Lair:2)
  A human skeleton (Vaults:1)
  A spiny frog (Lair:5)
  2 merfolk sirens
  A moth of wrath (Spider:1)
  3 water nymphs
  An elephant (Lair:5)
  2 vault sentinels
  4 centaur skeletons
  A gargoyle (D:14)
  A yaktaur zombie (Vaults:1)
  4 demonic crawlers
  6 yaktaurs
  A rime drake (Lair:6)
  A freezing wraith (D:14)
  A tengu conjurer (D:14)
  An ice devil (Lair:6)
  13 merfolk
  2 polar bears (shapeshifter)
  A wind drake (Shoals:2)
  A meliai (shapeshifter) (Vaults:1)
  6 meliai
  4 trolls
  Grinder (D:4)
  16 jumping spiders
  A harpy skeleton (D:15)
  3 hornets
  A stone giant simulacrum (Vaults:1)
  8 slime creatures
  3 blink frogs (Lair:2)
  5 snapping turtles
  4 hippogriffs
  A fire giant simulacrum (Vaults:1)
  6 water elementals
  42 redbacks
  3 wraiths
  A fire bat (Volcano)
  15 tarantellas
  A wyvern (Lair:2)
  A tarantella (shapeshifter) (Vaults:2)
  A chaos spawn (Gauntlet)
  A human (shapeshifter) (Vaults:3)
  6 yaks
  5 vampire mosquitoes
  3 small abominations (Gauntlet)
  A steam dragon (D:14)
  2 soldier ants (Spider:1)
  A warg (Orc:2)
  3 water moccasins
  A porcupine (Lair:1)
  4 ice beasts
  6 orc warriors
  A phantom (D:11)
  2 sky beasts
  11 ogres
  An eye of draining (D:13)
  An eye of draining (shapeshifter) (D:13)
  A necrophage (D:13)
  4 wolves
  3 centaurs
  An elf skeleton (Vaults:1)
  A crocodile (Lair:2)
  10 bullfrogs
  2 scorpions
  An elf simulacrum (Vaults:1)
  A human simulacrum (Vaults:3)
  4 killer bees
  A howler monkey (D:13)
  6 electric eels
  A bullfrog zombie (D:7)
  4 crimson imps
  9 hounds
  A jelly (D:11)
  6 orc priests
  8 orc wizards
  4 bullfrog skeletons
  4 iguanas
  Jessica (D:2)
  10 worker ants
  A hound zombie (D:8)
  A hound skeleton (D:6)
  2 gnolls (D:7)
  5 adders
  4 shadow imps
  2 oozes (D:3)
  3 adder skeletons
  3 leopard geckos
  25 orcs
  2 ball pythons
  3 giant cockroaches
  2 goblins
  4 hobgoblins
  2 jackals (D:4)
  4 kobolds
  5 quokkas
  5 bats
  4 frilled lizards
  A jackal zombie (D:5)
  A quokka skeleton (D:5)
  A quokka zombie (D:5)
  5 rats
  A plant (Shoals:3)
509 creatures vanquished.

Vanquished Creatures (collateral kills)
  Bai Suzhen (Vaults:2)
  Nikola (Vaults:2)
  Arachne (Spider:2)
  Rupert (Orc:2)
  A tentacled monstrosity (Vaults:2)
  Jorgrun (D:14)
  2 sphinxes
  A kraken (Shoals:1)
  2 storm dragons (Vaults:2)
  A nagaraja (Vaults:2)
  A tengu reaver (Vaults:2)
  A ghost moth (Spider:4)
  A ghost moth (shapeshifter) (Vaults:2)
  An orc warlord (Orc:2)
  A frost giant (Vaults:2)
  2 vault wardens (Vaults:2)
  2 emperor scorpions (Spider:4)
  3 very ugly things (Vaults:2)
  5 ironheart preservers
  A vampire knight (Vaults:2)
  A stone giant (Vaults:2)
  4 entropy weavers
  Nessos (D:14)
  A spark wasp (Spider:3)
  2 minotaurs
  2 ettins (Vaults:2)
  4 merfolk impalers
  11 merfolk javelineers
  3 yaktaur captains
  5 vault guards (Vaults:2)
  Erolcha (D:10)
  6 hydras
  A catoblepas (Vaults:2)
  15 two-headed ogres
  2 merfolk avatars
  2 centaur warriors
  2 satyrs (Shoals:4)
  A tengu warrior (D:14)
  An alligator snapping turtle (Shoals:4)
  A vampire mage (Vaults:2)
  5 ogre magi
  A deep troll earth mage (Vaults:1)
  A merfolk aquamancer (Shoals:4)
  A queen ant (Spider:1)
  A hell knight (Vaults:2)
  A shock serpent (shapeshifter) (Vaults:2)
  Urug (D:12)
  2 deep elf knights
  A sun demon (Lair:6)
  3 skeletal warriors
  A fire crab (Volcano)
  3 sea snakes
  2 wizards
  3 deep trolls (Vaults:1)
  2 ironbrand convokers
  2 flayed ghosts
  3 unseen horrors
  2 deep elf archers
  Pikel (D:8)
  A kraken simulacrum (Shoals:4)
  6 orc knights
  2 harpies (Shoals:1)
  3 orc sorcerers
  9 fauns
  10 wolf spiders
  6 cyclopes
  21 orb spiders
  15 ugly things
  6 deep elf magi
  A moth of wrath (Spider:4)
  12 manticores
  A water nymph (Shoals:1)
  8 merfolk sirens
  Maurice (D:8)
  4 vault sentinels
  A salamander (shapeshifter) (Vaults:2)
  7 black mambas
  13 elephants
  3 orange demons (Lair:6)
  Maggie (D:6)
  2 torpor snails
  A smoke demon (Lair:6)
  A gargoyle (D:12)
  13 spiny frogs
  3 freezing wraiths
  7 yaktaurs
  2 demonic crawlers (Spider:4)
  9 komodo dragons
  5 rime drakes
  A red devil (Lair:6)
  34 merfolk
  4 wind drakes
  8 polar bears
  8 trolls
  17 jumping spiders
  A harpy skeleton (D:15)
  13 slime creatures
  35 blink frogs
  A wind drake (shapeshifter) (Vaults:2)
  13 dream sheep
  2 raiju (shapeshifter)
  6 snapping turtles
  3 hippogriffs
  3 wraiths (D:10)
  2 shadows
  25 redbacks
  14 tarantellas
  Eustachio (D:6)
  5 fire bats (Volcano)
  2 water elementals (Shoals:4)
  60 yaks
  Grum (D:8)
  A chaos spawn (Gauntlet)
  3 basilisks
  A neqoxec (Gauntlet)
  2 steam dragons (Volcano)
  A hungry ghost (D:12)
  A spatial vortex (D:14)
  3 wargs
  Menkaure (D:6)
  20 soldier ants
  Duvessa (D:6)
  8 water moccasins
  6 hell hounds
  9 porcupines
  7 sky beasts
  An eye of draining (D:10)
  36 orc warriors
  A black bear (D:10)
  16 ogres
  A phantom (D:7)
  8 wolves
  21 centaurs
  3 big kobolds
  12 crocodiles
  13 bullfrogs
  A small abomination (Gauntlet)
  A wyvern zombie (D:9)
  Dowan (D:6)
  2 scorpions
  12 killer bees
  14 wights
  A howler monkey (D:8)
  4 crimson imps
  2 centaur zombies
  3 quasits
  8 hounds
  9 orc priests
  2 bullfrog zombies
  A gnoll shaman (D:4)
  3 bullfrog skeletons
  A jelly (D:7)
  15 orc wizards
  4 iguanas
  18 worker ants
  A hound skeleton (D:8)
  A howler monkey skeleton (D:8)
  A worker ant zombie (D:6)
  3 adders
  19 gnolls
  An adder zombie (D:7)
  A worm (D:2)
  2 leopard geckos
  58 orcs
  3 goblins (D:1)
  3 hobgoblins (D:1)
  11 jackals
  A quokka (D:8)
  2 bats (D:1)
  A frilled lizard (D:5)
  14 kobolds
  A leopard gecko skeleton (D:5)
  A leopard gecko zombie (D:6)
  A rat (D:1)
  5 fungi
  2 plants
  3 tentacles (Shoals:1)
978 creatures vanquished.

Vanquished Creatures (others)
  35 eldritch tentacles
  An ettin (Vaults:2)
  2 yaktaur captains
  Erica (D:8)
  A two-headed ogre (Vaults:3)
  3 centaur warriors
  A satyr (Shoals:3)
  An alligator snapping turtle (Shoals:4)
  A hell hog (Volcano)
  An orc knight (Vaults:1)
  2 cyclopes
  6 fauns
  Joseph (D:8)
  4 yaktaurs
  2 merfolk (Shoals:4)
  3 orc warriors (Orc:2)
  A slave (D:8)
  7 centaurs
  2 orc wizards
  3 orcs (Orc:2)
  A quokka (D:15)
  8 fungi
  8 plants
  14 tentacles
109 creatures vanquished.

Grand Total: 1596 creatures vanquished

Notes
Turn   | Place    | Note
-------+----------+-------------------------------------------
     0 | D:1      | Nattfarinn the Barachi Summoner began the quest for the
                  | Orb.
     0 | D:1      | Reached XP level 1. HP: 13/13 MP: 3/3
   307 | D:1      | Reached skill level 5 in Summonings
   307 | D:1      | Reached XP level 2. HP: 15/20 MP: 0/5
   763 | D:1      | Reached skill level 1 in Armour
  1301 | D:2      | Found a stormy altar of Qazlal.
  1305 | D:2      | Learned a level 2 spell: Call Imp
  1559 | D:2      | Noticed Jessica
  1563 | D:2      | Killed Jessica
  1563 | D:2      | Reached skill level 1 in Fighting
  1563 | D:2      | Reached XP level 3. HP: 26/26 MP: 6/6
  1569 | D:2      | Learned a level 3 spell: Call Canine Familiar
  1660 | D:2      | Found a bloodstained altar of Trog.
  1762 | D:2      | Found a basalt altar of Yredelemnul.
  1797 | D:2      | Found a shattered altar of Ashenzari.
  2037 | D:2      | Found an iron altar of Okawaru.
  2326 | D:3      | Reached XP level 4. HP: 32/32 MP: 7/7
  3153 | D:4      | Reached XP level 5. HP: 38/38 MP: 2/9
  3376 | D:4      | Reached skill level 6 in Summonings
  3439 | D:4      | Reached XP level 6. HP: 39/45 MP: 10/10
  3470 | D:4      | Noticed Grinder
  3545 | D:3      | Learned a level 4 spell: Summon Lightning Spire
  3954 | D:4      | Paralysed by Grinder for 4 turns
  3968 | D:4      | Paralysed by Grinder for 2 turns
  3994 | D:4      | Killed Grinder
  4159 | D:4      | Reached XP level 7. HP: 48/51 MP: 11/11
  5132 | D:5      | Entered Level 5 of the Dungeon
  5190 | D:5      | Found a staircase to the Ecumenical Temple.
  5202 | D:5      | Reached skill level 7 in Summonings
  5209 | Temple   | Entered the Ecumenical Temple
  5233 | Temple   | Became a worshipper of Cheibriados the Contemplative
  5259 | D:5      | Reached skill level 5 in Armour
  5849 | D:5      | Found a hide-covered altar of Uskayaw.
  6257 | D:6      | Noticed Menkaure
  6264 | D:6      | Killed Menkaure
  6264 | D:6      | Reached XP level 8. HP: 31/59 MP: 4/13
  7137 | D:6      | Noticed Maggie
  7151 | D:6      | Killed Maggie
  7168 | D:6      | Reached skill level 8 in Summonings
  7374 | D:6      | Found a white marble altar of Elyvilon.
  7378 | D:6      | Found a shimmering blue altar of Sif Muna.
  7384 | D:6      | Found an ancient bone altar of Kikubaaqudgha.
  7427 | D:6      | Reached * piety under Cheibriados
  7473 | D:6      | Noticed Duvessa
  7473 | D:6      | Noticed Eustachio
  7474 | D:6      | Noticed Dowan
  7480 | D:6      | Killed Eustachio
  7484 | D:6      | Killed Duvessa
  7494 | D:6      | Killed Dowan
  8070 | D:7      | Reached skill level 5 in Dodging
  8086 | D:7      | Reached ** piety under Cheibriados
  8086 | D:7      | Reached XP level 9. HP: 52/66 MP: 4/16
  8370 | D:7      | Noticed Harold
  8380 | D:7      | Killed Harold
  8380 | D:7      | Reached skill level 5 in Fighting
  8380 | D:7      | Reached skill level 5 in Spellcasting
  8380 | D:7      | Reached skill level 9 in Summonings
  9186 | D:8      | Noticed a cyclops
  9233 | D:8      | Noticed Grum
  9236 | D:8      | Reached *** piety under Cheibriados
  9240 | D:8      | Killed Grum
  9367 | D:8      | Killed a cyclops
  9368 | D:8      | Killed Erica
  9566 | D:8      | Found a shimmering blue altar of Sif Muna.
  9583 | D:8      | Reached skill level 10 in Summonings
  9585 | D:8      | Identified Sif Muna's Compendium of Snow
  9644 | D:8      | Reached XP level 10. HP: 76/76 MP: 10/18
  9661 | D:8      | Reached **** piety under Cheibriados
  9801 | D:8      | Found a sacrificial altar of Ru.
  9844 | D:8      | Noticed Pikel
  9849 | D:8      | Killed Pikel
  9854 | D:8      | Noticed Joseph
  9866 | D:8      | Killed Joseph
 10148 | D:8      | Found a radiant altar of Vehumet.
 10154 | D:8      | Got a transparent trident
 10155 | D:8      | Identified the cursed +2 trident "Ikla" {vorpal, +Blink}
                  | (You found it on level 8 of the Dungeon)
 10173 | D:8      | Noticed Maurice
 10196 | D:8      | Killed Maurice
 10422 | D:9      | Reached ***** piety under Cheibriados
 11871 | D:9      | Learned a level 1 spell: Magic Dart
 12002 | D:9      | Found a staircase to the Lair.
 12478 | D:9      | Noticed a two-headed ogre
 12487 | D:9      | Killed a two-headed ogre
 12487 | D:9      | Reached skill level 10 in Armour
 12487 | D:9      | Reached skill level 11 in Summonings
 12593 | D:10     | Entered Level 10 of the Dungeon
 12634 | D:10     | Noticed Josephine
 12647 | D:10     | Killed Josephine
 12647 | D:10     | Reached XP level 11. HP: 84/84 MP: 15/20
 12690 | D:10     | Found Rodo's Food Shop.
 12859 | D:10     | Noticed Erolcha
 12866 | D:10     | Killed Erolcha
 13296 | D:10     | Noticed a brown ugly thing
 13301 | D:10     | Killed a brown ugly thing
 13421 | D:10     | Reached ****** piety under Cheibriados
 13589 | D:11     | Found a staircase to the Orcish Mines.
 13811 | D:11     | Noticed an orc knight
 13836 | D:11     | Killed an orc knight
 14096 | D:12     | Noticed a cyclops
 14105 | D:12     | Killed a cyclops
 14105 | D:12     | Reached skill level 12 in Summonings
 14271 | D:12     | Noticed a red ugly thing
 14279 | D:12     | Killed a red ugly thing
 14279 | D:12     | Reached skill level 1 in Invocations
 14351 | Lair:1   | Entered Level 1 of the Lair of Beasts
 15479 | Lair:2   | Noticed a five-headed hydra
 15491 | Lair:2   | Killed a five-headed hydra
 15496 | Lair:2   | Reached XP level 12. HP: 41/94 MP: 9/23
 15860 | Lair:2   | Noticed a four-headed hydra
 15866 | Lair:2   | Killed a four-headed hydra
 16080 | Lair:2   | Reached skill level 13 in Summonings
 16695 | Lair:3   | Found a gate leading to a gauntlet.
 16708 | Gauntlet | Entered a Gauntlet
 16708 | Gauntlet | Found a transporter.
 16708 | Gauntlet | Found a transporter.
 16721 | Gauntlet | Found a transporter.
 16729 | Gauntlet | Found a transporter.
 16734 | Gauntlet | Noticed a queen ant
 16737 | Gauntlet | Found a transporter.
 16741 | Gauntlet | Found a transporter.
 16743 | Gauntlet | Noticed a thrashing horror
 16746 | Gauntlet | Noticed a thrashing horror
 16751 | Gauntlet | Found a transporter.
 16769 | Gauntlet | Found a transporter.
 16791 | Gauntlet | Found a transporter.
 16791 | Gauntlet | Found a transporter.
 16799 | Gauntlet | Found a transporter.
 16803 | Gauntlet | Found a transporter.
 16803 | Gauntlet | Noticed a queen ant
 16971 | Gauntlet | Killed a queen ant
 17352 | Gauntlet | Killed a thrashing horror
 17353 | Gauntlet | Killed a thrashing horror
 17353 | Gauntlet | Reached skill level 5 in Invocations
 17455 | Gauntlet | Got a pair of smoking boots
 17461 | Gauntlet | Identified the +2 pair of boots of the Alphagorgon {MR-
                  | Str+4 Int+6} (You found it in a Gauntlet)
 17471 | Gauntlet | Learned a level 7 spell: Monstrous Menagerie
 17481 | Gauntlet | Identified the +1 scale mail "Juiso" {MR+}
 17481 | Gauntlet | Noticed a minotaur
 17491 | Gauntlet | Killed a minotaur
 17500 | Gauntlet | Identified the Catalogue of Lucky Confrontation
 17574 | Lair:3   | Learned a level 7 spell: Malign Gateway
 17636 | Lair:3   | Reached skill level 1 in Translocations
 18343 | Lair:4   | Found a dark tunnel.
 18369 | Volcano  | Entered a volcano
 18542 | Volcano  | Reached skill level 14 in Summonings
 18715 | Volcano  | Noticed a hell hog
 18719 | Volcano  | Gained mutation: You can hop long distances. [Barachi
                  | growth]
 18719 | Volcano  | Reached XP level 13. HP: 74/102 MP: 7/25
 19065 | Lair:4   | Found a hole to the Spider Nest.
 19238 | Lair:4   | Reached skill level 10 in Fighting
 19287 | Lair:4   | Found a staircase to the Shoals.
 20716 | Lair:5   | Found a runed translucent door.
 20716 | Lair:5   | Found a viscous altar of Jiyva.
 20716 | Lair:5   | Noticed an acid blob
 20716 | Lair:5   | Noticed an acid blob
 20718 | Lair:5   | Found a staircase to the Slime Pits.
 20720 | Lair:5   | Noticed an acid blob
 21161 | Lair:6   | Entered Level 6 of the Lair of Beasts
 21165 | Lair:6   | Reached skill level 10 in Dodging
 21168 | Lair:6   | Reached skill level 15 in Summonings
 21389 | Lair:6   | Reached skill level 5 in Translocations
 21925 | Lair:6   | Found a burning altar of Makhleb.
 22211 | Lair:6   | Found the brooch of Shielding {Reflect SH+8}
 22589 | Lair:6   | Found a gateway to Hell.
 22609 | Lair:6   | Got a shimmering hand axe
 22613 | Lair:6   | Identified the +3 hand axe of Bankruptcy {vorpal, +Blink
                  | Stlth+} (You found it on level 6 of the Lair of Beasts)
 22624 | Lair:6   | Got a crude chain mail
 22638 | Lair:6   | Identified the +6 chain mail of the Accordion {*Corrode
                  | rElec Dex+5} (You found it on level 6 of the Lair of
                  | Beasts)
 22858 | Orc:1    | Entered Level 1 of the Orcish Mines
 22881 | Orc:1    | Reached XP level 14. HP: 95/110 MP: 2/27
 23294 | Orc:1    | Found a roughly hewn altar of Beogh.
 23315 | Orc:1    | Reached skill level 16 in Summonings
 23690 | Orc:2    | Entered Level 2 of the Orcish Mines
 23767 | Orc:2    | Noticed an orc warlord
 23767 | Orc:2    | Noticed Rupert
 23773 | Orc:2    | Paralysed by Rupert for 4 turns
 23784 | Orc:2    | Killed Rupert
 23792 | Orc:2    | Killed an orc warlord
 23932 | Orc:2    | Found a staircase to the Elven Halls.
 24427 | Orc:2    | Found Xowouc's Magic Scroll Shoppe.
 24428 | Orc:2    | Found Kesuet's Distillery.
 24428 | Orc:2    | Found Yffu's Distillery.
 24441 | Orc:2    | Found Plog's Distillery.
 24874 | Orc:2    | Bought a potion of lignification for 45 gold pieces
 24874 | Orc:2    | Bought a potion of cancellation for 120 gold pieces
 24874 | Orc:2    | Bought a potion of mutation for 120 gold pieces
 24876 | Orc:2    | Bought a potion of magic for 104 gold pieces
 24876 | Orc:2    | Bought a potion of invisibility for 104 gold pieces
 24876 | Orc:2    | Bought a potion of resistance for 130 gold pieces
 24879 | Orc:2    | Bought a scroll of torment for 105 gold pieces
 24879 | Orc:2    | Bought a scroll of enchant weapon for 105 gold pieces
 24879 | Orc:2    | Bought a scroll of vulnerability for 105 gold pieces
 24879 | Orc:2    | Bought a scroll of fog for 28 gold pieces
 24879 | Orc:2    | Bought 3 scrolls of blinking for 315 gold pieces
 24894 | Orc:2    | Bought a potion of brilliance for 44 gold pieces
 24894 | Orc:2    | Bought a potion of heal wounds for 55 gold pieces
 24894 | Orc:2    | Bought a potion of curing for 33 gold pieces
 24894 | Orc:2    | Bought a potion of mutation for 88 gold pieces
 24894 | Orc:2    | Bought a potion of agility for 44 gold pieces
 24897 | Orc:2    | Bought a potion of curing for 45 gold pieces
 24897 | Orc:2    | Bought a potion of curing for 45 gold pieces
 24897 | Orc:2    | Bought a potion of curing for 45 gold pieces
 24897 | Orc:2    | Bought a potion of brilliance for 60 gold pieces
 24897 | Orc:2    | Bought a potion of brilliance for 60 gold pieces
 24897 | Orc:2    | Bought a potion of curing for 45 gold pieces
 24902 | Orc:2    | Bought a scroll of fear for 49 gold pieces
 24902 | Orc:2    | Bought a scroll of identify for 28 gold pieces
 24902 | Orc:2    | Bought a scroll of identify for 28 gold pieces
 24905 | Orc:2    | Bought a potion of cancellation for 104 gold pieces
 25158 | D:12     | Noticed Urug
 25546 | D:12     | Killed Urug
 26004 | D:13     | Reached skill level 17 in Summonings
 27078 | D:14     | Identified a scroll of acquirement
 27079 | D:14     | Identified the +2 buckler of Too Many Cooks {MR+ Dex+4
                  | Slay+3} (You acquired it on level 14 of the Dungeon)
 27123 | D:14     | Reached skill level 1 in Shields
 27386 | D:14     | Noticed Jorgrun
 27392 | D:14     | Killed Jorgrun
 27527 | D:14     | Noticed Nessos
 27533 | D:14     | Killed Nessos
 27545 | D:14     | Found a gate to the Vaults.
 27819 | D:14     | Identified the ring of Kuidos {rF+ Str-3 Int+6}
 28085 | D:14     | Noticed Frances
 28090 | D:14     | Killed Frances
 28090 | D:14     | Reached skill level 10 in Translocations
 28309 | D:14     | Reached XP level 15. HP: 90/115 MP: 28/28
 28643 | D:15     | Entered Level 15 of the Dungeon
 29332 | D:15     | Found a staircase to the Depths.
 29766 | D:15     | Found a white marble altar of Elyvilon.
 30327 | Spider:1 | Entered Level 1 of the Spider Nest
 30705 | Spider:1 | Noticed Asterion
 30712 | Spider:1 | Noticed an Executioner
 30715 | Spider:1 | Killed Asterion
 31415 | Spider:1 | Got an encrusted war axe
 31416 | Spider:1 | Identified the +9 war axe of Xom's Castigation {drain,
                  | *Rage +Rage rN+} (You found it on level 1 of the Spider
                  | Nest)
 31777 | Spider:2 | Killed a ghost moth
 32576 | Spider:3 | Noticed Arachne
 32587 | Spider:2 | Killed Arachne
 32812 | Spider:3 | Reached XP level 16. HP: 105/123 MP: 25/29
 34108 | Spider:4 | Entered Level 4 of the Spider Nest
 35023 | Spider:4 | Reached skill level 10 in Spellcasting
 35877 | Spider:4 | Reached skill level 18 in Summonings
 35899 | Spider:4 | Got a gossamer rune of Zot
 36156 | Shoals:1 | Entered Level 1 of the Shoals
 36163 | Shoals:1 | Got a polished chain mail
 36164 | Shoals:1 | Identified the cursed +0 chain mail "Xynaiqej" {Regen+}
                  | (You found it on level 1 of the Shoals)
 36685 | Shoals:1 | Found a hide-covered altar of Uskayaw.
 37117 | Shoals:1 | Reached XP level 17. HP: 122/133 MP: 10/31
 37225 | Shoals:1 | Noticed a kraken
 37231 | Shoals:1 | Killed a kraken
 39012 | Shoals:3 | Found Anwimast's Book Emporium.
 39088 | Shoals:3 | Bought a book of Power for 720 gold pieces
 39096 | Shoals:3 | Learned a level 7 spell: Spellforged Servitor
 39125 | Shoals:3 | Reached skill level 1 in Conjurations
 39641 | Shoals:4 | Entered Level 4 of the Shoals
 39943 | Shoals:4 | Reached skill level 5 in Conjurations
 40472 | Shoals:4 | Got a barnacled rune of Zot
 41443 | Shoals:4 | Got an ancient scale mail
 41444 | Shoals:4 | Identified the +2 scale mail of Wu Jian's Hope {+Blink}
                  | (You found it on level 4 of the Shoals)
 41800 | Shoals:4 | Got a sparkling ivory ring
 41801 | Shoals:4 | Identified the cursed ring of Ziogoyg {*Contam Int-3 Dex+7}
                  | (You found it on level 4 of the Shoals)
 42351 | D:14     | Learned a level 7 spell: Orb of Destruction
 42352 | Vaults:1 | Entered Level 1 of the Vaults
 42775 | Vaults:1 | Noticed an Ice Fiend
 42779 | Vaults:1 | Identified the ring of Urojey {Wiz rC+ Dex+2}
 42782 | Vaults:1 | Noticed a Tzitzimitl
 42783 | Vaults:1 | Reached skill level 10 in Conjurations
 42992 | Vaults:1 | Reached XP level 18. HP: 143/143 MP: 33/33
 44523 | Vaults:1 | Found Jyuqinnaitt's General Store.
 44543 | Vaults:1 | Bought a scroll of fear for 66 gold pieces
 44543 | Vaults:1 | Bought a scroll of immolation for 66 gold pieces
 45179 | Vaults:2 | Found a staircase to the Crypt.
 46298 | Vaults:2 | Noticed Nikola
 46306 | Vaults:2 | Killed Nikola
 46306 | Vaults:2 | Reached skill level 10 in Invocations
 46448 | Vaults:2 | Noticed Bai Suzhen
 47365 | Vaults:2 | Reached XP level 19. HP: 150/150 MP: 28/34
 48247 | Vaults:2 | Noticed a tentacled monstrosity
 48252 | Vaults:2 | Killed a tentacled monstrosity
 48476 | Vaults:2 | Killed Bai Suzhen
 48955 | Vaults:3 | Noticed Jory
 48959 | Vaults:3 | Reached skill level 19 in Summonings
 48964 | Vaults:3 | Paralysed by an ogre mage for 4 turns
 48969 | Vaults:3 | Paralysed by an ogre mage for 3 turns
 48971 | Vaults:3 | Killed from afar by Jory

Levels and vault maps discovered:
D:1:      nzn_arrival_depleted_hourglass, layout_basic
D:2:      layout_basic, yredelemnul_altar_generic, marbit_many_paths,
          grunt_temple_overflow_open, trog_three_pillars_becter, uniq_jessica
D:3:      layout_basic, first_ration, minmay_misc_feat_secret_circle,
          amethyst_killhole
D:4:      layout_gridville, serial_co_window_serial, co_window_cross_1,
          co_window_paths_b, co_window_paths_b, co_window_corner_a,
          co_window_paths_a, co_window_corner_a, co_window_paths_a,
          co_window_corner_b, co_window_corner_b, co_window_broadway_c,
          co_window_of_opportunity_c, co_window_paths_c,
          co_window_of_opportunity_b, co_window_2corner, glass_columns_b,
          glass_columns_b, hangedman_decor_diamond_cutter, uniq_grinder
D:5:      layout_basic, kennysheep_mini_moat, minmay_temple_entry_tees
D:6:      layout_gridville, minmay_overflow_temple_star_quad,
          nicolae_underground_beach, uniq_maggie, uniq_menkaure, uniq_eustachio,
          uniq_duvessa
D:7:      layout_basic, grunt_ogre_cave, uniq_harold
D:8:      layout_rooms, lemuel_crystal_altar, fiery_altar_vehumet, led_sif_book,
          uniq_maurice, uniq_joseph, uniq_erica, uniq_grum, uniq_pikel
D:9:      layout_loops_corners, erik_lair_island
D:10:     layout_loops_ring, serial_shops, shop, uniq_erolcha, uniq_josephine
D:11:     layout_basic, special_room [special_room_orc]
D:12:     layout_cave_pools, uniq_urug
D:13:     layout_grid_maze
D:14:     layout_basic, david_vaults_2, uniq_jorgrun, uniq_nessos, uniq_frances
D:15:     grunt_enter_depths_snipers, layout_long_grid, elyvilon_altar_4
Temple:   minmay_temple_forest_path
Lair:1:   layout_regular_city, beast_lair_carwin_2
Lair:2:   layout_loops_ring, cheibrodos_lair_reptile_den
Lair:3:   layout_long_grid, gauntlet_entry_generic, grunt_megastairs_1
Lair:4:   layout_cave_pods, elwin_shoals_entry_stream, spider_nest_entry_a,
          nicolae_volcano_entry_lava_flow, lookout_lair_type,
          beast_lair_carwin_8
Lair:5:   layout_loops_ring, slime_altar_2, minmay_stone_trees_medium,
          grunt_megastairs_2
Lair:6:   evil_forest, layout_cave_pods
Shoals:1: layout_shoals, regret_index_shoals_crete
Shoals:2: layout_shoals
Shoals:3: layout_shoals, serial_shops, nicolae_shop_waterfront,
          nicolae_shoals_circle_sea_wall, nicolae_shoals_loop_pool
Shoals:4: shoals_end_grunt_ice, layout_shoals
Spider:1: layout_spider_delve, zaba_antful_of_joy, uniq_asterion
Spider:2: layout_spider_delve, drop_trap
Spider:3: layout_spider_delve, drop_trap, uniq_arachne
Spider:4: grunt_spider_rune_circles, drop_trap
Orc:1:    layout_caves, basic_altar
Orc:2:    st_orc_rangers, layout_caves, uniq_rupert
Vaults:1: nicolae_vaults_know_your_exits, nicolae_vaults_hallways_thing,
          ontoclasm_vaults_ring_large, nicolae_vaults_theta, vaults_room_fours,
          nicolae_vaults_little_squares_2, grunt_vaults_diagonal,
          hangedman_vaults_slice, v_misc_5,
          vaults_standard_mumra_enter_the_diamond, layout_vaults_omnibox,
          serial_shops, nicolae_shop_waterfront
Vaults:2: st_greater_box_3, nicolae_vaults_shelves_hall,
          ontoclasm_vaults_shuriken, v_misc_19, hangedman_vaults_stagger,
          nicolae_vaults_three_branches, grunt_vaults_funnel, vaults_dpeg_hooks,
          ontoclasm_vaults_idyll, vaults_dpeg_ring,
          minmay_crypt_entry_simple_sparse, layout_vaults_big_room,
          uniq_bai_suzhen, uniq_nikola
Vaults:3: nicolae_vaults_circle_grid_b, v_misc_26, v_alt_pattern_6,
          grunt_vaults_twisty, v_misc_14, v_pattern_3,
          vaults_room_stairs_pillars, vaults_dpeg_diagonal, v_misc_13,
          v_misc_18, vaults_room_ringed_pool, nicolae_vaults_little_squares_6,
          nicolae_vaults_ring_of_whatevers, layout_vaults_omnigrid,
          uniq_margery, uniq_jory

Skill      XL: |  1  2  3  4  5  6  7  8  9 10 11 12 13 14 15 16 17 18 19 |
---------------+----------------------------------------------------------+-----
Summonings     | 5 6 7 8 10 11 12 14 15 17 18 19 | 19.0
Armour         | 1 2 3 4 5 7 8 10 11 14 | 14.0
Fighting       | 1 2 3 4 6 7 8 9 10 12 13 14 | 14.8
Dodging        | 3 4 5 6 7 8 9 10 11 | 11.0
Spellcasting   | 3 4 5 6 7 8 9 10 11 | 11.8
Invocations    | 3 5 10 | 10.0
Translocations | 2 6 10 14 | 14.3
Shields        | 4 |  4.2
Conjurations   | 10 11 | 11.7
Stealth        | |  1.7

Action                   |  1- 3 |  4- 6 |  7- 9 | 10-12 | 13-15 | 16-18 | 19-21 || total
-------------------------+-------+-------+-------+-------+-------+-------+-------++-------
Melee: Club              |    30 |       |       |       |       |       |       ||    30
       Dagger            |    47 |    93 |    34 |       |       |       |       ||   174
       Halberd           |       |       |   195 |    25 |       |       |       ||   220
       Trident           |       |       |       |   213 |     7 |       |       ||   220
       Staff             |       |       |       |    36 |    80 |       |       ||   116
       Hand axe          |       |       |       |       |   595 |       |       ||   595
       War axe           |       |       |       |       |    51 |   622 |    88 ||   761
 Cast: Summon Small Mamm |    20 |     1 |       |     2 |       |       |       ||    23
       Call Canine Famil |     1 |    12 |    26 |    40 |     5 |       |       ||    84
       Call Imp          |       |     9 |     2 |       |       |       |       ||    11
       Summon Lightning  |       |       |    33 |    83 |    58 |    78 |     4 ||   256
       Magic Dart        |       |       |       |    31 |       |       |       ||    31
       Monstrous Menager |       |       |       |    25 |   116 |    70 |       ||   211
       Malign Gateway    |       |       |       |       |     1 |    28 |     7 ||    36
       Spellforged Servi |       |       |       |       |       |    13 |     1 ||    14
Invok: Slouch            |       |       |       |     2 |     8 |    11 |     1 ||    22
 Abil: Hop               |       |     2 |     2 |     3 |     5 |    13 |     2 ||    27
Evoke: Wand              |       |     2 |       |       |       |       |       ||     2
  Use: Scroll            |       |       |     5 |    15 |    20 |    15 |       ||    55
       Potion            |       |       |     1 |     1 |     2 |     5 |     1 ||    10
 Stab: Sleeping          |     3 |     6 |     1 |     1 |     1 |       |       ||    12
       Paralysed         |       |     4 |       |       |     2 |     1 |       ||     7
       Distracted        |       |       |     1 |    11 |    12 |    21 |       ||    45
       Confused          |       |       |       |       |     3 |     1 |       ||     4
  Eat: Chunk             |     2 |     6 |    17 |    10 |    32 |    27 |     5 ||    99
       Ration            |     1 |     1 |     2 |     2 |     4 |     5 |       ||    15
Armor: Robe              |    14 |    14 |       |       |       |       |       ||    28
       Leather armour    |       |    10 |    15 |       |       |       |       ||    25
       Acid dragon scale |       |       |    29 |   114 |    35 |       |       ||   178
       Plate armour      |       |       |       |       |    83 |       |       ||    83
       Chain mail        |       |       |       |       |   304 |   465 |    72 ||   841
Dodge: Dodged            |    68 |    62 |   194 |   409 |  1098 |   841 |   116 ||  2788
Block: Other             |       |       |       |       |   136 |       |       ||   136
       Buckler           |       |       |       |       |   719 |  1069 |   134 ||  1922
       Reflection        |       |       |       |       |    68 |   171 |    10 ||   249

Table legend:
 A = Non-vault XP
 B = Vault XP
 C = Vault XP percentage of total XP
 D = Non-vault monster count
 E = Vault monster count
 F = Vault count percentage of total count
                 A         B        C        D         E       F
            +---------+---------+-------+---------+---------+-------
      Total |  216705 |  133650 |  38.1 |    1103 |     413 |  27.2
            +---------+---------+-------+---------+---------+-------
        D:1 |      22 |       0 |   0.0 |      19 |       0 |   0.0
        D:2 |      15 |      39 |  72.2 |       8 |       2 |  20.0
        D:3 |      80 |       0 |   0.0 |      24 |       0 |   0.0
        D:4 |     487 |     219 |  31.0 |      34 |       1 |   2.9
        D:5 |     275 |       0 |   0.0 |      22 |       0 |   0.0
        D:6 |     649 |     545 |  45.6 |      28 |       5 |  15.2
        D:7 |     576 |     672 |  53.8 |      24 |       2 |   7.7
        D:8 |    1608 |    1068 |  39.9 |      45 |       9 |  16.7
        D:9 |    1572 |     357 |  18.5 |      33 |       8 |  19.5
       D:10 |    1346 |    1656 |  55.2 |      21 |       7 |  25.0
       D:11 |     765 |     869 |  53.2 |      19 |      25 |  56.8
       D:12 |    4782 |     410 |   7.9 |      44 |       1 |   2.2
       D:13 |    3672 |       0 |   0.0 |      24 |       0 |   0.0
       D:14 |    9683 |    5899 |  37.9 |      46 |       6 |  11.5
       D:15 |    9941 |    2330 |  19.0 |      40 |       3 |   7.0
     Lair:1 |    1763 |     263 |  13.0 |      15 |       4 |  21.1
     Lair:2 |    5934 |     457 |   7.2 |      38 |       2 |   5.0
     Lair:3 |    3000 |     357 |  10.6 |      25 |       3 |  10.7
     Lair:4 |    3892 |    2688 |  40.9 |      31 |      18 |  36.7
     Lair:5 |    4051 |    1534 |  27.5 |      25 |      12 |  32.4
     Lair:6 |    5961 |    4481 |  42.9 |      35 |      26 |  42.6
   Shoals:1 |    8976 |    4836 |  35.0 |      28 |      13 |  31.7
   Shoals:2 |   11929 |       0 |   0.0 |      38 |       0 |   0.0
   Shoals:3 |    6345 |       0 |   0.0 |      20 |       0 |   0.0
   Shoals:4 |   11513 |   12815 |  52.7 |      39 |      35 |  47.3
   Spider:1 |   14404 |    6516 |  31.1 |      59 |      42 |  41.6
   Spider:2 |    5078 |    1832 |  26.5 |      12 |       1 |   7.7
   Spider:3 |   13396 |       0 |   0.0 |      40 |       0 |   0.0
   Spider:4 |   12056 |   19129 |  61.3 |      51 |      38 |  42.7
      Orc:1 |    3051 |       0 |   0.0 |      34 |       0 |   0.0
      Orc:2 |    2923 |    4550 |  60.9 |      36 |      39 |  52.0
   Vaults:1 |   34157 |   13341 |  28.1 |      68 |      27 |  28.4
   Vaults:2 |   20081 |   38749 |  65.9 |      58 |      49 |  45.8
   Vaults:3 |   12722 |    2472 |  16.3 |      20 |       9 |  31.0
    Volcano |       0 |    1652 | 100.0 |       0 |      11 | 100.0
   Gauntlet |       0 |    3914 | 100.0 |       0 |      15 | 100.0
            +---------+---------+-------+---------+---------+-------
